 Dungeon Crawl Stone Soup version 0.29.1-2-gbd0b4ee654 (webtiles) character file.

Game seed: 17930964066006620753

4 qeuew the Sneak (level 1, -3/11 HPs)
             Began as a Vine Stalker Brigand on Nov 3, 2022.
             Slain by a quokka (4 damage)
             ... on level 1 of the Dungeon.
             The game lasted 00:00:43 (74 turns).

qeuew the Sneak (Vine Stalker Brigand)                Turns: 74, Time: 00:00:43

Health: -3/11      AC:  3    Str: 13    XL:     1   Next: 60%
Magic:  0/2        EV: 11    Int: 11    God:
Gold:   0          SH:  0    Dex: 15    Spells: 0/0 levels left

rFire   . . .      SeeInvis .   a - +2 dagger
rCold   . . .      Faith    .   (no shield)
rNeg    . . .      Spirit   +   b - +0 robe
rPois   .          Reflect  .   (no helmet)
rElec   .          Harm     .   c - +0 cloak
rCorr   .          Rampage  .   (no gloves)
Will    .....                   (no boots)
Stlth   +++.......              (no amulet)
HPRegen 0.03/turn               (no ring)
MPRegen 0.08/turn               (no ring)

@: no status effects
A: fangs 2, magic shield, antimagic bite, no potion heal 2
a: no special abilities


You were on level 1 of the Dungeon.
You visited 1 branch of the dungeon, and saw 1 of its levels.

Inventory:

Hand Weapons
 a - a +2 dagger (weapon)
Missiles
 d - 9 poisoned darts (quivered)
 e - 3 curare-tipped darts
Armour
 b - a +0 robe (worn)
 c - a +0 cloak (worn)


   Skills:
 + Level 1.7 Fighting
 + Level 1.9 Short Blades
 + Level 1.7 Throwing
 + Level 0.7 Dodging
 + Level 5.0 Stealth


You couldn't memorise any spells.
You didn't know any spells.
Your spell library was empty.

Dungeon Overview and Level Annotations

Branches:
Dungeon (1/15)

Altars:

Shops:
D:1 !


Innate Abilities, Weirdness & Mutations

You have extremely sharp teeth.
When hurt, damage is shared between your health and your magic reserves.
Your bite disrupts and absorbs the magic of your enemies.
Potions cannot restore your health.


Message History

The quokka barely misses you. The kobold hits you but does no damage.
There are monsters nearby!
There are monsters nearby!
You hit the kobold.
The kobold is moderately wounded.
The quokka closely misses you.
The kobold hits you with a +0 short sword.
The quokka bites you.
You are too injured to fight recklessly!
You are too injured to fight recklessly!
You hit the kobold but do no damage.
The kobold is moderately wounded.
The kobold hits you with a +0 short sword.
The quokka barely misses you.
You hit the kobold but do no damage. You bite the kobold. You drain its power.
You feel invigorated.
The kobold is severely wounded.
The quokka bites you but does no damage.
The kobold hits you with a +0 short sword.
* * * LOW HITPOINT WARNING * * *
You hit the kobold.
You kill the kobold!
The quokka bites you but does no damage.
Found a scroll labelled HONEENWAACI.
The quokka closely misses you.
You see here a +0 short sword.
The quokka attacks as you move away! The quokka barely misses you.
The quokka bites you but does no damage.
The quokka barely misses you. The quokka closely misses you.
You barely miss the quokka. Your bite misses the quokka. The quokka bites you.
You hit the quokka. Your bite misses the quokka.
The quokka is moderately wounded.
The quokka closely misses you.
You closely miss the quokka.
The quokka is moderately wounded.
The quokka bites you.
* * * LOW HITPOINT WARNING * * *
You hit the quokka.
The quokka is almost dead.
The quokka bites you.
You die...

### # # #.. ... . #
#.# #.# !# #
##.####.###.### #
##........$....## #
###..........?....#
######..#........#
.......###....#r@#
.†......#...#.#..#
######.#.........#
#.........?.........
#.##.##...#.##.##...
# #.###.....)... ?.#
##. #.#
####.......... ...
... ..$.#.### # ##.
..# #.#..∩.


You could see a quokka.

Vanquished Creatures
  2 hobgoblins (D:1)
  A ball python (D:1)
  A kobold (D:1)
4 creatures vanquished.

Notes
Turn   | Place    | Note
-------+----------+-------------------------------------------
     0 | D:1      | qeuew the Vine Stalker Brigand began the quest for the Orb.
     0 | D:1      | Reached XP level 1. HP: 11/11 MP: 2/2
    57 | D:1      | Reached skill level 5 in Stealth
    61 | D:1      | Found Vekkiz's Distillery.
    74 | D:1      | Slain by a quokka

Illustrated notes

Levels and vault maps discovered:
D:1:      wander_arrival_estate, layout_loops_ring, serial_shops,
          nicolae_shop_crystal

Skill      XL: |  1 |
---------------+----+-----
Stealth        | 5 |  5.0
Fighting       | |  1.7
Short Blades   | |  1.9
Throwing       | |  1.7
Dodging        | |  0.7

Action                   || total
-------------------------++-------
Melee: Dagger            ||    14
       Bite              ||     3
       Punch             ||     1
 Stab: Sleeping          ||     2
Armor: Robe              ||     5
Dodge: Dodged            ||    11
